 Dungeon Crawl Stone Soup version 0.27.1 (webtiles) character file.

Game seed: 15308526644805490849

32 DearestLeader the Distorting Demonspawn (level 3, 0/29 HPs)
             Began as a Demonspawn Abyssal Knight on Aug 30, 2021.
             Was a Believer of Lugonu.
             Slain by Terence (7 damage)
             ... on level 2 of the Dungeon.
             The game lasted 00:02:14 (1186 turns).

DearestLeader the Distorting Demonspawn (DsAK)      Turns: 1186, Time: 00:02:14

Health: 0/29       AC:  7    Str: 13    XL:     3   Next: 10%
Magic:  5/5        EV: 10    Int: 13    God:    Lugonu [**....]
Gold:   60         SH:  0    Dex: 12    Spells: 2/2 levels left

rFire    . . .     SeeInvis .   g - +1 dagger (venom)
rCold    . . .     Faith    .   (no shield)
rNeg     . . .     Spirit   .   d - +0 ring mail
rPois    .         Reflect  .   (no helmet)
rElec    .         Harm     .   (no cloak)
rCorr    .         Rampage  .   (no gloves)
Will     .....                  (no boots)
Stlth    +.........             (no amulet)
HPRegen  0.09/turn              (no ring)
MPRegen  0.09/turn              (no ring)

@: no status effects
A: icy blue scales 1
a: Renounce Religion, Depart the Abyss, Bend Space


You were on level 2 of the Dungeon.
You worshipped Lugonu.
Lugonu was pleased with you.
You visited 1 branch of the dungeon, and saw 2 of its levels.
You visited the Abyss 1 time.

You collected 60 gold pieces.

Inventory:

Hand Weapons
 a - a +1 hand axe
 f - a +0 hunting sling
 g - a +1 dagger of venom (weapon)
Armour
 b - a +0 leather armour
 d - a +0 ring mail (worn)
Scrolls
 c - 3 scrolls of identify {unknown}
 e - a scroll of enchant armour {unknown}


   Skills:
 - Level 3.0 Fighting
 * Level 2.7 Axes
 - Level 2.0 Armour
 - Level 1.0 Dodging
 + Level 3.1 Invocations


You had 2 spell levels left.
You didn't know any spells.
Your spell library was empty.

Dungeon Overview and Level Annotations

Branches:
Dungeon (2/15)

Altars:

Annotations:
D:2 Terence


Innate Abilities, Weirdness & Mutations

You are partially covered in icy blue scales. (AC +2)


Message History

You barely miss Terence.
Terence is heavily wounded.
Terence hits you with a +0 flail!
You barely miss Terence.
Terence is heavily wounded.
Terence closely misses you.
You closely miss Terence.
Terence is heavily wounded.
Terence barely misses you. Terence hits you with a +0 flail.
You are too injured to fight recklessly!
You are too injured to fight recklessly!
You are too injured to fight recklessly!
You are too injured to fight recklessly!
You are too injured to fight recklessly!
Terence screams, "I'm going to kill you!"
Terence says, "Did you write a will?
You should..."
Things that are here:
a +1 dagger of venom; 22 stones Your +1 dagger of venom begins to drip with poison!
g - a +1 dagger of venom (weapon)
You hit Terence.
Terence is poisoned.
Terence is heavily wounded.
Terence hits you with a +0 flail.
You hit Terence but do no damage.
Terence looks as sick as possible!
Terence is heavily wounded.
Terence shouts, "DIE!!!"
Terence hits you but does no damage.
You hit Terence but do no damage.
Terence is severely wounded.
Terence hits you with a +0 flail.
* * * LOW HITPOINT WARNING * * *
Saving game... please wait.
Level annotation: Terence Welcome back, DearestLeader the Demonspawn Abyssal Knight.
Lugonu says: Spread carnage and corruption!
Press ? for a list of commands and other information.
You closely miss Terence.
Terence is severely wounded.
Terence hits you with a +0 flail!
You die...

#.## #+# #.# #.# #.#
#.# #.# #.# #.# #.#
##.#######.# #.#
##........... ##.##
#.....#####.. ##...##
##...........
#.....#####....<.......
#.....@@....#.#.#######
#.....#######.#.#
##...## #.#.. #####
#.#... #.##### #.# #.#


You could see Terence (very poisoned).

Vanquished Creatures
  4 endoplasms (D:1)
  2 giant cockroaches (D:1)
  4 goblins
  A hobgoblin (D:1)
  3 kobolds
  A quokka (D:1)
  7 ball pythons
  2 bats (D:1)
  3 frilled lizards
  2 rats (D:1)
29 creatures vanquished.

Notes
Turn   | Place    | Note
-------+----------+-------------------------------------------
     0 | Abyss:1  | DearestLeader the Demonspawn Abyssal Knight began the quest
                  | for the Orb.
     0 | Abyss:1  | Reached XP level 1. HP: 18/18 MP: 2/2
    27 | D:1      | Escaped the Abyss
   134 | D:1      | Reached skill level 1 in Dodging
   385 | D:1      | Found a faded altar of an unknown god.
   392 | D:1      | Gained mutation: You are partially covered in icy blue
                  | scales. (AC +2) [demonic ancestry]
   392 | D:1      | Reached XP level 2. HP: 24/24 MP: 4/4
   514 | D:1      | Reached ** piety under Lugonu
   947 | D:2      | Reached XP level 3. HP: 20/29 MP: 5/5
  1147 | D:2      | Noticed Terence
  1186 | D:2      | Slain by Terence

Illustrated notes

Levels and vault maps discovered:
D:1:      shiori_shiawase, layout_basic, basic_ecumenical_altar, serial_curves,
          eino_curves_01, eino_curves_03
D:2:      layout_loops_corners, basic_altar, serial_shops, shop,
          wad_floor_pattern_untrapped, uniq_terence

Skill      XL: |  1  2 |
---------------+-------+-----
Dodging        | 1 |  1.0
Axes           | 2 |  2.7
Armour         | 2 |  2.0
Invocations    | 3 |  3.1
Fighting       | |  3.0

Action                   || total
-------------------------++-------
Melee: Hand axe          ||    83
       Dagger            ||     4
Armor: Ring mail         ||    27
Dodge: Dodged            ||    68
